 Dungeon Crawl Stone Soup version 0.26-a0-689-gc93c913f66 (webtiles) character file.

Game seed: 3637012141414305236

5315 Kinoniko the Grappler (level 10, -7/105 HPs)
             Began as a Troll Berserker on Oct 23, 2020.
             Was a High Priest of Trog.
             Mangled by a yak (15 damage)
             ... on level 9 of the Dungeon.
             The game lasted 00:08:53 (5251 turns).

Kinoniko the Grappler (Troll Berserker)             Turns: 5251, Time: 00:08:53

Health: -7/105     AC:  9    Str: 27    XL:     10   Next: 37%
Magic:  8/8        EV: 10    Int:  6    God:    Trog [*****.]
Gold:   543        SH:  0    Dex:  9    Spells: 9/9 levels left

rFire    + . .     SeeInvis .     - Unarmed
rCold    . . .     Faith    .   (no shield)
rNeg     . . .     Spirit   .   a - +0 animal skin
rPois    .         Reflect  .   (helmet restricted)
rElec    .         Harm     .   v - +1 cloak
rCorr    .         Rampage  .   (gloves unavailable)
MR       ++...                  (boots unavailable)
Stlth    +.........             (no amulet)
HPRegen  1.67/turn              e - ring of protection from fire
MPRegen  0.11/turn              (no ring)

@: berserk cooldown, regenerating, slowed, very slow
A: large, unfitting armour, claws 3, hooves 1, rugged brown scales 1, low mp 1,
regeneration 1, shaggy fur 1, tough skin 3, MP-powered wands
a: Berserk, Trog's Hand, Brothers in Arms, Renounce Religion


You were on level 9 of the Dungeon.
You worshipped Trog.
Trog was extremely pleased with you.
You visited 1 branch of the dungeon, and saw 9 of its levels.

You collected 543 gold pieces.

Inventory:

Hand Weapons
 x - a +4 scimitar
Armour
 a - a +0 animal skin (worn)
 v - a +1 cloak (worn)
Jewellery
 e - a ring of protection from fire (left claw)
Scrolls
 b - 4 scrolls of enchant weapon
 c - a scroll of identify
 d - 4 scrolls of remove curse
 f - a scroll of noise
 h - 2 scrolls of magic mapping
 p - a scroll of fog
Potions
 j - a potion of invisibility
 k - 5 potions of curing
 m - 3 potions of lignification
 o - 2 potions of haste
 q - 2 potions of brilliance {unknown}
 r - a potion of resistance {unknown}
 t - a potion of stabbing {unknown}
 w - 2 potions of might {unknown}


   Skills:
 + Level 7.0 Fighting
 * Level 6.0 Long Blades
 - Level 2.6 Dodging
 * Level 11.4 Unarmed Combat


You had 9 spell levels left.
You didn't know any spells.
Your spell library was empty.

Dungeon Overview and Level Annotations

Branches:
Dungeon (9/15)             Temple (0/1) D:4            Lair (0/6) D:8
    Orc (0/2) D:9

Altars:
Fedhas
Gozag
Okawaru
Ru
Zin

Shops:
D:4 :

Annotations:
D:3 1 runed translucent door, funnypoop's ghost, amateur HOFi


Innate Abilities, Weirdness & Mutations

You are too large for most types of armour.
You have claws for hands.
Your natural rate of healing is unusually fast.
You are covered in fur. (AC +1)
You have extremely tough skin. (AC +3)
You have large cloven feet.
You are partially covered in rugged brown scales. (AC +1, +3% HP)
Your magical capacity is low. (-10% MP)
You expend magic power (3 MP) to strengthen your wands.


Message History

The yak barely misses you. The yak gores you.
* * * LOW HITPOINT WARNING * * *
You see here a cursed -2 club.
You see here a +0 club.
The yak gores you.
* * * LOW HITPOINT WARNING * * *
The yak gores you.
* * * LOW HITPOINT WARNING * * *
The yak gores you!
* * * LOW HITPOINT WARNING * * *
Things that are here:
a +0 dagger; a +0 robe It was a potion of heal wounds.
You feel much better.
The yak barely misses you. x2; The yak closely misses you.
You feel much better. The yak gores you! The yak gores you. The yak gores you!
* * * LOW HITPOINT WARNING * * *
The yak gores you but does no damage. The yak gores you!!
* * * LOW HITPOINT WARNING * * *
The yak gores you!
You die...

##.#..### .. #....#. #...#.
... +...... ###.#. #..
#....#. #.## ##......#.
#####.################....#.
#........##..(.....# #.
+..^.#...##........# #.
#....#...##.Y......# #.
#....#.><..@Y......#### #.
#....######)Y)......... #.
#.... #...........$ #. #....
#####.....## ....
.......†#...# #..##
.#####... ..# .... . .....
.# ##. . #..##.. .. . #. #..
... .#


You could see 3 yaks.

Vanquished Creatures
  A boulder beetle (D:9)
  Pikel (D:7)
  Grinder (D:6)
  Prince Ribbit (D:6)
  A wyvern (D:8)
  A yak (D:9)
  A warg (D:9)
  Edmund (D:5)
  2 orc warriors
  A sky beast (D:6)
  A necrophage (D:9)
  4 ogres
  An eye of draining (D:8)
  2 phantoms
  4 centaurs
  4 lemures (D:7)
  A big kobold (D:9)
  A bullfrog (D:8)
  2 scorpions
  A howler monkey (D:5)
  9 wights (D:6)
  4 orc priests
  4 hounds
  Crazy Yiuf (D:5)
  A centaur skeleton (D:7)
  3 jellies
  2 bullfrog skeletons
  An iguana (D:5)
  14 orc wizards
  3 worker ants
  A killer bee zombie (D:5)
  A hound zombie (D:7)
  A hound skeleton (D:7)
  18 gnolls
  A worker ant zombie (D:5)
  4 adders
  A shadow imp (D:6)
  2 ufetubi
  2 oozes
  2 worms
  5 dart slugs
  3 leopard geckos
  27 orcs
  4 ball pythons
  6 giant cockroaches
  12 goblins
  7 hobgoblins
  10 jackals
  16 kobolds
  2 quokkas (D:5)
  3 bats
  5 frilled lizards
  A jackal skeleton (D:5)
  12 rats
220 creatures vanquished.

Notes
Turn   | Place    | Note
-------+----------+-------------------------------------------
     0 | D:1      | Kinoniko the Troll Berserker began the quest for the Orb.
     0 | D:1      | Reached XP level 1. HP: 22/22 MP: 0/0
    33 | D:1      | Reached XP level 2. HP: 29/29 MP: 1/1
   203 | D:1      | Reached XP level 3. HP: 36/36 MP: 2/2
   221 | D:1      | Reached ** piety under Trog
   645 | D:2      | Reached skill level 4 in Unarmed Combat
   670 | D:2      | Found an opulent altar of Gozag.
   717 | D:2      | Reached XP level 4. HP: 45/45 MP: 3/3
   921 | D:2      | Gained mutation: You have large cloven feet. [potion of
                  | mutation]
   921 | D:2      | Gained mutation: You are partially covered in rugged brown
                  | scales. (AC +1, +3% HP) [potion of mutation]
   921 | D:2      | Gained mutation: Your magical capacity is low. (-10% MP)
                  | [potion of mutation]
   921 | D:2      | Gained mutation: You expend magic power (3 MP) to
                  | strengthen your wands. [potion of mutation]
  1104 | D:2      | Found a blossoming altar of Fedhas.
  1159 | D:3      | Found a runed translucent door.
  1159 | D:3      | Noticed funnypoop's ghost (amateur HOFi)
  1175 | D:3      | Found a sacrificial altar of Ru.
  1186 | D:3      | Reached XP level 5. HP: 54/54 MP: 3/3
  1219 | D:3      | Noticed an ogre
  1227 | D:3      | Killed an ogre
  1227 | D:3      | Reached *** piety under Trog
  1227 | D:3      | Reached skill level 5 in Unarmed Combat
  1282 | D:3      | Found a glowing silver altar of Zin.
  1290 | D:3      | Reached XP level 6. HP: 55/63 MP: 4/4
  1639 | D:3      | Found a faded altar of an unknown god.
  1746 | D:4      | Reached skill level 6 in Unarmed Combat
  1860 | D:4      | Found a staircase to the Ecumenical Temple.
  2003 | D:4      | Reached XP level 7. HP: 72/72 MP: 5/5
  2102 | D:4      | Found Kuqonnodou's Book Boutique.
  2429 | D:4      | Found an iron altar of Okawaru.
  2527 | D:5      | Entered Level 5 of the Dungeon
  2536 | D:5      | Reached skill level 7 in Unarmed Combat
  2538 | D:5      | Reached **** piety under Trog
  2643 | D:5      | Noticed Edmund
  2651 | D:5      | Killed Edmund
  2712 | D:5      | Reached skill level 5 in Fighting
  2712 | D:5      | Reached skill level 8 in Unarmed Combat
  2741 | D:5      | Reached XP level 8. HP: 74/82 MP: 6/6
  3064 | D:5      | Found a runed translucent door.
  3065 | D:5      | Noticed Crazy Yiuf
  3071 | D:5      | Killed Crazy Yiuf
  3184 | D:6      | Reached skill level 9 in Unarmed Combat
  3217 | D:6      | Reached skill level 1 in Long Blades
  3523 | D:6      | Noticed Prince Ribbit
  3540 | D:6      | Killed Prince Ribbit
  3540 | D:6      | Reached XP level 9. HP: 91/91 MP: 7/7
  3893 | D:6      | Noticed Grinder
  3902 | D:6      | Killed Grinder
  4046 | D:7      | Reached skill level 10 in Unarmed Combat
  4347 | D:7      | Reached ***** piety under Trog
  4433 | D:7      | Noticed Pikel
  4448 | D:7      | Killed Pikel
  4783 | D:8      | Reached skill level 5 in Long Blades
  4829 | D:8      | Found a staircase to the Lair.
  4908 | D:8      | You fall into a shaft and drop 1 floor!
  4910 | D:9      | Noticed a boulder beetle
  4922 | D:9      | Killed a boulder beetle
  4922 | D:9      | Reached skill level 11 in Unarmed Combat
  4922 | D:9      | Reached XP level 10. HP: 74/103 MP: 8/8
  5099 | D:9      | Found a staircase to the Orcish Mines.
  5251 | D:9      | Mangled by a yak

Illustrated notes

Levels and vault maps discovered:
D:1:      wheals_arrival_linesprint, layout_basic
D:2:      layout_rooms, nicolae_gozag_cash_rules_everything_around_me,
          fedhas_altar_1
D:3:      layout_rooms, lemuel_round_altar, hellmonk_ghost_happy_afterlife,
          chequers_ecumenical_altar_grove, hangedman_ru_absence
D:4:      layout_cave_pods, lemuel_crystal_altar,
          minmay_temple_entry_mini_moons, serial_shops, shop,
          nicolae_underground_beach
D:5:      layout_cave_pools, uniq_edmund, uniq_crazy_yiuf_cottage
D:6:      layout_cave_pods, glass_columns_b, uniq_grinder, uniq_prince_ribbit1
D:7:      layout_basic, glass_columns_a, uniq_pikel
D:8:      layout_cave_pools, dpeg_oklobed_lair
D:9:      layout_basic, erik_orc_3

Skill      XL: |  1  2  3  4  5  6  7  8  9 10 |
---------------+-------------------------------+-----
Unarmed Combat | 4 5 6 8 9 11 | 11.4
Fighting       | 3 4 5 6 7 |  7.0
Long Blades    | 2 5 6 |  6.0
Dodging        | |  2.6

Action                   |  1- 3 |  4- 6 |  7- 9 | 10-12 || total
-------------------------+-------+-------+-------+-------++-------
Melee: Unarmed           |   108 |   136 |   243 |    45 ||   532
       Punch             |     1 |     2 |    15 |     2 ||    20
       Kick              |       |    28 |    64 |    10 ||   102
Invok: Berserk           |       |     4 |    13 |     3 ||    20
       Trog's Hand       |       |       |     1 |     1 ||     2
  Use: Potion            |       |     1 |     2 |     2 ||     5
       Scroll            |       |       |    15 |       ||    15
 Stab: Invisible         |       |       |     3 |       ||     3
Armor: Animal skin       |    44 |    51 |    77 |    22 ||   194
Dodge: Dodged            |    54 |    80 |   103 |    28 ||   265

Table legend: (Time is in decaauts)
 A = Elapsed time spent in this place.
 B = Non-inter-level travel time spent in this place.
 C = Inter-level travel time spent in this place.
 D = Time resting spent in this place.
 E = Time spent auto-exploring this place.
 F = Levels seen in this place.
 G = Mean time per level.
                   A        B        C        D        E       F      G
               +--------+--------+--------+--------+--------+-----+--------+
         Total |   5382 |   5212 |    170 |    916 |   3304 |   9 |  598.0 |
       Dungeon |   5382 |   5212 |    170 |    916 |   3304 |   9 |  598.0 |
               +--------+--------+--------+--------+--------+-----+--------+

Top non-repeatable levels by time:
     D:6: 956 daAuts
     D:4: 797 daAuts
     D:7: 672 daAuts
     D:5: 630 daAuts
     D:3: 609 daAuts
     D:1: 601 daAuts
     D:2: 528 daAuts
     D:9: 365 daAuts
     D:8: 220 daAuts
